 Dungeon Crawl Stone Soup version 0.26-a0-774-g1415c89e12 (webtiles) character file.

Game seed: 12061565349263199012

429 Notrik the Fighter (level 6, -2/63 HPs)
             Began as a Hill Orc Fighter on Nov 9, 2020.
             Was a Follower of the Shining One.
             Killed by divine providence
             ... invoked by an orc priest
              (8 damage)
             ... on level 4 of the Dungeon.
             The game lasted 00:05:20 (3033 turns).

Notrik the Fighter (Hill Orc Fighter)               Turns: 3033, Time: 00:05:21

Health: -2/63      AC:  8    Str: 21    XL:     6   Next: 98%
Magic:  6/6        EV:  7    Int:  8    God:    the Shining One [*.....]
Gold:   71         SH:  9    Dex: 10    Spells: 5/5 levels left

rFire    . . .     SeeInvis .   a - +0 war axe
rCold    . . .     Faith    .   c - +0 kite shield
rNeg     . . .     Spirit   .   b - +0 scale mail
rPois    .         Reflect  .   (no helmet)
rElec    .         Harm     .   (no cloak)
rCorr    .         Rampage  .   h - +0 pair of gloves
MR       .....                  (no boots)
Stlth    ..........             (no amulet)
HPRegen  0.20/turn              (no ring)
MPRegen  0.10/turn              (no ring)

@: glowing
A: no striking features
a: Renounce Religion, Convert to Beogh


You were on level 4 of the Dungeon.
You worshipped the Shining One.
The Shining One was aware of your devotion.
You visited 1 branch of the dungeon, and saw 4 of its levels.

You collected 71 gold pieces.

Inventory:

Hand Weapons
 a - a +0 war axe (weapon)
Missiles
 k - 2 throwing nets (quivered) {!f}
Armour
 b - a +0 scale mail (worn)
 c - a +0 kite shield (worn)
 h - a +0 pair of gloves (worn)
   (You found it on level 1 of the Dungeon)
Jewellery
 s - an uncursed ring of protection from cold {unknown}
   (You found it on level 4 of the Dungeon)
 t - a +6 ring of strength {unknown}
   (You found it on level 4 of the Dungeon)
Wands
 p - a wand of polymorph (12)
   (You found it on level 4 of the Dungeon)
Scrolls
 f - a scroll of remove curse {@r2}
 i - a scroll of enchant armour {unknown}
 m - a scroll of blinking
 n - a scroll of random uselessness {unknown}
 o - a scroll of fog {unknown}
Potions
 d - a potion of might
 e - a potion of resistance {unknown}
 g - 3 potions of curing {unknown}
 j - a potion of haste {unknown}
 l - a potion of brilliance {unknown}
 q - 2 potions of attraction {unknown}
 r - a potion of heal wounds {unknown}


   Skills:
 * Level 9.1 Fighting
 - Level 2.6 Axes
 - Level 3.2 Armour
 - Level 3.2 Shields


You had 5 spell levels left.
You didn't know any spells.
Your spell library was empty.

Dungeon Overview and Level Annotations

Branches:
Dungeon (4/15)
 Temple: D:4-7

Altars:
Ashenzari
The Shining One


Message History

Your shield prevents you from hitting the orc priest.
The orc shouts!
The orc priest hits you but does no damage.
The orc priest shouts, "Surrender to Beogh and we'll let you live!"
The orc priest barely misses you.
You barely miss the orc priest.
The orc priest shouts, "Surrender to Beogh and we'll let you live!"
The orc priest barely misses you.
The orc priest shouts, "Surrender to Beogh and we'll let you live!"
The orc priest barely misses you. The orc hits you but does no damage.
You hit the orc priest.
The orc priest shouts, "Surrender to Beogh and we'll let you live!"
The orc priest hits you from afar with a +0 trident.
The orc priest hits you with a +0 trident.
The orc hits you from afar with a +4 trident.
The orc priest barely misses you.
The orc priest threatens, "By the altar or by the axe, you will meet Beogh!"
You slash the orc priest!
The orc priest miscasts a cantrip.
The orc hits you but does no damage.
The orc priest hits you but does no damage.
The orc priest invokes the aid of Beogh against you.
Beogh smites you!
* * * LOW HITPOINT WARNING * * *
You barely miss the orc priest.
The orc priest shouts, "Beogh is our master!
Accept the truth or die!"
The orc drinks a potion.
The orc seems to grow stronger.
The orc priest barely misses you.
The orc priest hits you with a +0 trident.
* * * LOW HITPOINT WARNING * * *
The orc hits you from afar with a +4 trident!
* * * LOW HITPOINT WARNING * * *
You hit the orc priest.
The orc priest hits you from afar with a +0 trident.
* * * LOW HITPOINT WARNING * * *
The orc priest hits you with a +0 trident.
* * * LOW HITPOINT WARNING * * *
The orc hits you from afar with a +4 trident!
* * * LOW HITPOINT WARNING * * *
The orc priest barely misses you.
Unknown command.
Unknown command.
The orc priest begins to cast a cantrip, but forgets the words!
You block the orc priest's attack.
The orc priest calls upon Beogh to heal the orc priest.
The orc priest is healed somewhat.
Unknown command.
The orc priest calls down the wrath of Beogh upon you.
Beogh smites you!
You die...

#............'....#
#............#....#
#..........###....#
#..........# #....## #
#..........# #..............
######'#'#.###...##........o
#.#.#.##....##....o....
###.#.#.##....##....o....
#.......@.....##.........
#####.#.##.#..##....o....
#######.#o##.#..##.........
........#.##.#..##<........
#########o##.#...'.........
#o##.#..##........
##.#[..............
#..).....#...##..#.
#..####..#..)# ..#


You could see 2 orc priests and an orc (strong).

Vanquished Creatures
  The ghost of hemabe71 the Charlatan, an amateur HuAr (D:3)
  A howler monkey (D:4)
  2 orc priests
  Ijyb (D:3)
  4 gnolls (D:2)
  4 adders
  2 oozes (D:1)
  2 adder zombies (D:3)
  3 worms
  3 dart slugs
  3 leopard geckos
  9 orcs
  5 bats
  3 giant cockroaches
  4 goblins
  6 hobgoblins
  14 jackals
  A quokka (D:2)
  A ball python (D:3)
  3 frilled lizards
  3 kobolds
  A quokka skeleton (D:3)
  4 rats
80 creatures vanquished.

Notes
Turn   | Place    | Note
-------+----------+-------------------------------------------
     0 | D:1      | Notrik the Hill Orc Fighter began the quest for the Orb.
     0 | D:1      | Reached XP level 1. HP: 19/19 MP: 1/1
    24 | D:1      | Reached skill level 4 in Fighting
    49 | D:1      | Reached XP level 2. HP: 20/27 MP: 2/2
   155 | D:1      | Found a glowing golden altar of the Shining One.
   177 | D:1      | Became a worshipper of the Shining One
   373 | D:1      | Reached skill level 5 in Fighting
   373 | D:1      | Reached XP level 3. HP: 36/36 MP: 3/3
  1183 | D:2      | Reached XP level 4. HP: 40/44 MP: 4/4
  1186 | D:2      | Reached skill level 6 in Fighting
  1768 | D:3      | Reached XP level 5. HP: 40/51 MP: 5/5
  1919 | D:3      | Reached skill level 7 in Fighting
  2037 | D:3      | Found a broken altar of Ashenzari.
  2324 | D:3      | You fall into a shaft and drop 1 floor!
  2455 | D:3      | Noticed Ijyb
  2480 | D:3      | Killed Ijyb
  2494 | D:3      | Found a runed translucent gate.
  2494 | D:3      | Found a runed translucent gate.
  2494 | D:3      | Found a runed translucent gate.
  2494 | D:3      | Noticed hemabe71's ghost (amateur HuAr)
  2494 | D:3      | Reached * piety under the Shining One
  2518 | D:3      | Killed hemabe71's ghost
  2518 | D:3      | Reached skill level 8 in Fighting
  2518 | D:3      | Reached XP level 6. HP: 54/62 MP: 6/6
  2817 | D:4      | Reached skill level 9 in Fighting
  3033 | D:4      | Killed from afar by an orc priest

Illustrated notes

Levels and vault maps discovered:
D:1:      lightli_arrival_isolated_outpost, layout_loops_ring, tso_metal_star
D:2:      layout_loops_ring
D:3:      layout_basic, lemuel_doored_altar, gammafunk_ghost_necromancy,
          uniq_ijyb
D:4:      layout_basic, zin_statuary

Skill      XL: |  1  2  3  4  5  6 |
---------------+-------------------+-----
Fighting       | 4 5 6 8 9 |  9.1
Axes           | |  2.6
Armour         | |  3.2
Shields        | |  3.2

Action                   |  1- 3 |  4- 6 || total
-------------------------+-------+-------++-------
Melee: War axe           |    92 |   128 ||   220
  Use: Scroll            |       |     2 ||     2
Armor: Scale mail        |    58 |    62 ||   120
Dodge: Dodged            |    30 |    36 ||    66
Block: Kite shield       |    40 |    58 ||    98

Table legend: (Time is in decaauts)
 A = Elapsed time spent in this place.
 B = Non-inter-level travel time spent in this place.
 C = Inter-level travel time spent in this place.
 D = Time resting spent in this place.
 E = Time spent auto-exploring this place.
 F = Levels seen in this place.
 G = Mean time per level.
                   A        B        C        D        E       F      G
               +--------+--------+--------+--------+--------+-----+--------+
         Total |   3142 |   3008 |    134 |    261 |   2143 |   4 |  785.5 |
       Dungeon |   3142 |   3008 |    134 |    261 |   2143 |   4 |  785.5 |
               +--------+--------+--------+--------+--------+-----+--------+

Top non-repeatable levels by time:
     D:2: 985 daAuts
     D:3: 932 daAuts
     D:1: 830 daAuts
     D:4: 394 daAuts
